 Dungeon Crawl Stone Soup version 0.29.1-1-gd02db69 (webtiles) character file.

Game seed: 15940097401320196586

57 Kel the Chopper (level 3, -2/27 HPs)
             Began as a Demonspawn Gladiator on Mar 21, 2023.
             Slain by a gnoll
             ... wielding a +0 spear
              (4 damage)
             ... on level 2 of the Dungeon.
             The game lasted 00:02:54 (2087 turns).

Kel the Chopper (Demonspawn Gladiator)              Turns: 2087, Time: 00:02:55

Health: -2/27      AC:  6    Str: 16    XL:     3   Next: 73%
Magic:  12/12      EV: 11    Int:  9    God:
Gold:   85         SH:  0    Dex: 14    Spells: 2/2 levels left

rFire   + . .      SeeInvis .   a - +0 war axe
rCold   x . .      Faith    .   (no shield)
rNeg    . . .      Spirit   .   g - +0 ring mail
rPois   .          Reflect  .   c - +0 helmet
rElec   .          Harm     .   (no cloak)
rCorr   .          Rampage  .   (no gloves)
Will    .....                   (no boots)
Stlth   +.........              (no amulet)
HPRegen 0.09/turn               f - ring of fire
MPRegen 0.13/turn               h - ring of magical power

@: lethally poisoned (-2 -> -6)
A: powered by pain 1, weakness stinger 1
a: no special abilities


You were on level 2 of the Dungeon.
You visited 1 branch of the dungeon, and saw 2 of its levels.

You collected 85 gold pieces.

Inventory:

Hand Weapons
 a - a +0 war axe (weapon)
Missiles
 d - 3 throwing nets (quivered)
 e - a javelin
Armour
 c - a +0 helmet (worn)
 g - a +0 ring mail (worn)
Jewellery
 f - a ring of fire (left hand)
 h - a ring of magical power (right hand)
 i - a ring of see invisible
Scrolls
 b - a scroll of identify


   Skills:
 - Level 2.0 Fighting
 + Level 4.3 Axes
 - Level 1.7 Throwing
 - Level 2.6 Dodging


You had 2 spell levels left.
You didn't know any spells.
Your spell library contained the following spells:

 Spells                   Type           Power      Damage    Failure   Level
 Sandblast                Erth           0%         2d4       61%         1


Dungeon Overview and Level Annotations

Branches:
Dungeon (2/15)

Altars:


Innate Abilities, Weirdness & Mutations

You sometimes gain a little power by taking damage.
You have a small tail.


Message History

The adder misses you.
The gnoll hits you from afar with a +0 spear.
The adder bites you but does no damage.
You closely miss the adder.
Your tail-slap misses the adder.
The adder is lightly wounded.
The gnoll closely misses you. The adder closely misses you.
You closely miss the adder.
Your tail-slap misses the adder.
The adder is lightly wounded.
The adder barely misses you. The gnoll closely misses you.
The adder misses you. The gnoll barely misses you.
You miss the adder.
You tail-slap the adder, but do no damage.
The adder is lightly wounded.
The adder bites you but does no damage. The gnoll closely misses you.
The adder bites you.
You closely miss the adder.
Your tail-slap misses the adder.
The adder is lightly wounded.
The adder closely misses you.
The gnoll hits you from afar with a +0 spear.
You hit the adder but do no damage.
Your tail-slap misses the adder.
The adder is lightly wounded.
The adder bites you.
You are poisoned.
The adder poisons you! The gnoll misses you.
The adder bites you but does no damage. The gnoll closely misses you.
You barely miss the adder.
The adder is lightly wounded.
You feel sick. The adder bites you.
* * * LOW HITPOINT WARNING * * *
The gnoll closely misses you. The adder bites you.
* * * LOW HITPOINT WARNING * * *
You aren't carrying any potions.
You aren't carrying any potions.
As you read the scroll labelled EZARUPHOYMEU, it crumbles to dust.
It is a scroll of identify.
You don't have any unidentified items.
* * * LOW HITPOINT WARNING * * *
You feel sick. The adder closely misses you.
The gnoll hits you from afar with a +0 spear.
You die...

#.# #.# #.#
#.#####.## ##### #.#
#......#.# ##.<)##
#.#
#######.######.....#
#.#
...††..<...........#
#g#
.#############.....#
#g# .# ##...## #.#
.# ##S## #.# .#
#@############.# .#
#..gg..........# .#
################ ##


You could see 2 gnolls and an adder.

Vanquished Creatures
  2 adders (D:2)
  A worm (D:1)
  3 ball pythons
  2 endoplasms (D:1)
  A giant cockroach (D:1)
  3 goblins (D:1)
  7 hobgoblins
  3 jackals (D:1)
  A quokka (D:1)
  4 bats
  2 kobolds (D:1)
  3 rats (D:1)
32 creatures vanquished.

Notes
Turn   | Place    | Note
-------+----------+-------------------------------------------
     0 | D:1      | Kel the Demonspawn Gladiator began the quest for the Orb.
     0 | D:1      | Reached XP level 1. HP: 16/16 MP: 1/1
   296 | D:1      | Reached skill level 3 in Axes
   518 | D:1      | Gained mutation: You sometimes gain a little power by
                  | taking damage. [demonic ancestry]
   518 | D:1      | Reached XP level 2. HP: 16/22 MP: 2/2
   974 | D:1      | Found a faded altar of an unknown god.
   983 | D:1      | Got Plato's Compendium of the Caves
  1196 | D:1      | Gained mutation: You have a small tail. [demonic ancestry]
  1196 | D:1      | Reached XP level 3. HP: 27/27 MP: 3/3
  1743 | D:2      | Reached skill level 4 in Axes
  2087 | D:2      | Slain by a gnoll

Illustrated notes

Levels and vault maps discovered:
D:1:      onia_arrival_mini_maze_b, layout_basic, serial_corexii_hall,
          chequers_hall_statues_wall_a, corexii_hall_statues_l,
          corexii_hall_statues_i, corexii_hall_statues_i,
          shapermc_ecumenical_altar_rom_forum, bh_walls_and_bars
D:2:      layout_loops_ring, minmay_distorted

Skill      XL: |  1  2  3 |
---------------+----------+-----
Axes           | 3 4 |  4.3
Fighting       | |  2.0
Throwing       | |  1.7
Dodging        | |  2.6

Action                   || total
-------------------------++-------
Melee: War axe           ||   106
       Punch             ||     1
       Tailslap          ||     3
  Use: Scroll            ||     1
Armor: Leather armour    ||    13
       Ring mail         ||    35
Dodge: Dodged            ||    87
